 Dungeon Crawl Stone Soup version 0.17.0-28-g6e173f8 (webtiles) character file.

35 M4edhros the Sneak (level 3, 0/24 HPs)
             Began as an Octopode Wanderer on Nov 26, 2015.
             Killed by nerve-wracking pain
             ... invoked by an orc priest
              (12 damage)
             ... on level 3 of the Dungeon.
             The game lasted 00:00:54 (541 turns).

M4edhros the Sneak (Octopode Wanderer)               Turns: 541, Time: 00:00:55

Health: 0/24       AC:  1    Str: 12    XL:     3   Next: 35%
Magic:  4/4        EV: 11    Int: 12    God:
Gold:   81         SH:  0    Dex: 13    Spells: 0 memorised, 4 levels left

rFire  . . .     SeeInvis .     h - +1 dagger (drain)
rCold  . . .     Clarity  .     (no shield)
rNeg   . . .     SustAt   .     (helmet restricted)
rPois  .         Gourm    .     (no amulet)
rElec  .         Spirit   .     (no ring)
rCorr  .         Warding  .     (no ring)
rMut   .         Stasis   .     (no ring)
MR     .....                    (no ring)
Stlth  ++++......               (no ring)
                                (no ring)
                                (no ring)
                                (no ring)

@: not resistant to hostile enchantments, stealthy
A: almost no armour, amphibious, 8 rings, constrict 8, camouflage 1, gelatinous
body 1
a: no special abilities


You were on level 3 of the Dungeon.
You were not hungry.

You visited 1 branch of the dungeon, and saw 3 of its levels.

You collected 81 gold pieces.

Inventory:

Hand Weapons
 b - a +0 mace
 e - a +0 blowgun
 h - a +1 dagger of draining (weapon)
Missiles
 j - 42 stones (quivered)
 k - 17 poisoned needles
Scrolls
 g - a scroll of remove curse {unknown}
 i - a scroll of enchant armour {unknown}
 l - a scroll of magic mapping {unknown}
Potions
 c - a potion of lignification
Books
 a - a book of Spatial Translocations

   Spells                             Type                      Level
   a - Apportation                    Translocation                1
   b - Blink                          Translocation                2
   c - Shroud of Golubria             Charms/Translocation         2
   d - Portal Projectile              Translocation                3
   e - Teleport Other                 Translocation                3
   f - Passage of Golubria            Translocation                4
Comestibles
 d - a bread ration
 f - 2 meat rations


   Skills:
 - Level 2.0 Fighting
 - Level 3.0 Maces & Flails
 + Level 4.2 Stealth
   Level 1.0 Shields
 - Level 1.0 Spellcasting
   Level 2.0 Translocations
   Level 1.1 Evocations


You had 4 spell levels left.
You didn't know any spells.

Dungeon Overview and Level Annotations

Branches:
Dungeon (3/15)

Altars:


Innate Abilities, Weirdness & Mutations

You cannot wear most types of armour.
You are amphibious.
You can wear up to eight rings at the same time.
You can use your tentacles to constrict eight enemies at once.
Your skin changes colour to match your surroundings (Stealth).
Your rubbery body absorbs attacks (AC +1).


Message History

An orc comes into view. It is wielding a mace.
You see here a flail.
The orc shouts!
You hit the orc priest. You drain the orc priest!
Your grab misses the orc priest. Your squeeze misses the orc priest.
The orc priest is heavily wounded.
The orc hits you with a club. The orc priest hits you with a mace.
An orc wizard comes into view.
It is wielding a dagger of electrocution.
You barely miss the orc priest.
The orc wizard shouts!
You grab the orc priest.
The orc priest is heavily wounded.
You constrict the orc priest. You barely miss the orc priest.
The orc priest is heavily wounded.
You constrict the orc priest. The orc hits you but does no damage.
The orc priest mumbles some strange prayers to Beogh against you.
Pain shoots through your body!
Ouch! That really hurt!
You die...

#.> #### #.#
...######## #.#
..........# #.#
##.######.# #.#
..........#####.##
...######........#
#..# #.#####..#
#..# #.# #.@# #..#
#.# #.oooo.# #..#
#.# #..###.# #..#
#.# #..#
#..######.# #..#
#......##.#####..#
..........<......#
#####.###..#######
#.#..........#


You could see an orc priest, an orc wizard and 2 orcs.

Vanquished Creatures
  An ooze (D:3)
  A worm (D:2)
  3 orcs (D:3)
  A bat (D:2)
  A giant cockroach (D:1)
  A goblin (D:3)
  5 hobgoblins
  3 kobolds
  A ball python (D:2)
  A giant newt (D:1)
  2 jackals (D:2)
  2 rats (D:1)
22 creatures vanquished.

Notes
Turn   | Place    | Note
--------------------------------------------------------------
     0 | D:1      | M4edhros the Octopode Wanderer began the quest for the Orb.
     0 | D:1      | M4edhros set off with: a book of Spatial Translocations, a +0 mace, a potion of lignification, a bread ration
     0 | D:1      | Reached XP level 1. HP: 14/14 MP: 2/2
   104 | D:1      | Reached skill level 1 in Stealth
   207 | D:1      | Reached XP level 2. HP: 13/19 MP: 3/3
   219 | D:1      | You fall through a shaft!
   433 | D:3      | Reached XP level 3. HP: 17/24 MP: 4/4
   439 | D:3      | Reached skill level 4 in Stealth
   541 | D:3      | Killed from afar by an orc priest

Action                   || total
-------------------------++-------
Melee: Mace              ||    11
       Dagger            ||    30
  Use: Potion            ||     3
       Scroll            ||     1
 Stab: Sleeping          ||     3
